 Dungeon Crawl Stone Soup version 0.26-a0-1184-g95e395e029 (webtiles) character file.

Game seed: 4215145306633961953

385 voltaire321 the Insei (level 6, 0/36 HPs)
             Began as an Octopode Transmuter on Dec 28, 2020.
             Was an Initiate of Hepliaklqana.
             Slain by a centaur skeleton (7 damage)
             ... on level 5 of the Dungeon.
             The game lasted 00:11:40 (4645 turns).

voltaire321 the Insei (Octopode Transmuter)         Turns: 4645, Time: 00:11:40

Health: 0/36       AC:  1    Str: 10    XL:     6   Next: 77%
Magic:  9/10       EV: 14    Int: 15    God:    Hepliaklqana [......]
Gold:   228        SH:  0    Dex: 14    Spells: 5/11 levels left

rFire    . . .     SeeInvis .     - Unarmed
rCold    . . .     Faith    .   (no shield)
rNeg     . . .     Spirit   .   (helmet currently unavailable)
rPois    +         Reflect  .   (no amulet)
rElec    .         Harm     .   (no ring)
rCorr    .         Rampage  .   o - ring of poison resistance
Will     .....                  (no ring)
Stlth    ++........             (no ring)
HPRegen  0.12/turn              (no ring)
MPRegen  0.12/turn              (no ring)
                                (no ring)
                                (no ring)

@: appendages (expiring)
A: almost no armour, stealthy swim, amphibious, 8 rings, constrict 8, reduced
essence, tentacle spike 3, camouflage 1, gelatinous body 1
a: End Transformation, Renounce Religion, Recall Ancestor, Ancestor Identity


You were on level 5 of the Dungeon.
You worshipped Hepliaklqana.
Hepliaklqana was noncommittal.
One of your tentacles had a temporary spike.
You visited 2 branches of the dungeon, and saw 6 of its levels.

You collected 228 gold pieces.

Inventory:

Missiles
 l - 33 poisoned darts
Armour
 b - a +1 buckler
Jewellery
 o - a ring of poison resistance (right tentacle)
Scrolls
 a - 5 scrolls of identify
 d - a scroll of enchant weapon {unknown}
 e - a scroll of magic mapping
 j - 2 scrolls of teleportation
 k - a scroll of blinking {unknown}
 p - a scroll of enchant armour
 q - a scroll of amnesia {unknown}
Potions
 c - 2 potions of mutation
 f - a potion of haste {unknown}
 g - 3 potions of curing
 h - a potion of might {unknown}
 i - a potion of brilliance
 m - a potion of attraction {unknown}
 n - a potion of magic {unknown}


   Skills:
 + Level 2.7 Fighting
 + Level 3.2 Dodging
 + Level 1.2 Shields
 + Level 4.0 Unarmed Combat
 + Level 3.1 Spellcasting
 + Level 3.3 Transmutations
 + Level 2.4 Poison Magic


You had 5 spell levels left.
You knew the following spells:

 Your Spells              Type           Power        Failure   Level
a - Beastly Appendage     Tmut           24%          4%          1
b - Wereblood             Tmut           12%          8%          2
c - Spider Form           Tmut/Pois      5%           19%         3

Your spell library contained the following spells:

 Spells                   Type           Power        Failure   Level
 Ice Form                 Ice/Tmut       7%           69%         4
 Blade Hands              Tmut           6%           80%         5


Dungeon Overview and Level Annotations

Branches:
Dungeon (5/15)             Temple (1/1) D:4

Altars:
Ashenzari
Cheibriados
Dithmenos
Elyvilon
Fedhas
Gozag
Hepliaklqana
Kikubaaqudgha
Makhleb
Nemelex Xobeh
Okawaru
Qazlal
Ru
Sif Muna
Trog
Uskayaw
Vehumet
Wu Jian
Xom
Yredelemnul
Zin


Innate Abilities, Weirdness & Mutations

You cannot wear most types of armour.
You are very stealthy in the water. (Stealth+)
You are amphibious.
You can wear up to eight rings at the same time.
You can use your tentacles to constrict eight enemies at once.
Your skin changes colour to match your surroundings (Stealth+).
Your rubbery body absorbs attacks. (AC +1, EV +1)
Your life essence is reduced to manifest your ancestor. (-10% HP)
One of your tentacles bears a large vicious spike.


Message History

Arammadara hits the centaur.
The centaur closely misses you. The centaur skeleton hits you.
You tentacle-slap the centaur.
You pierce the centaur, but do no damage.
You squeeze the centaur.
The centaur is heavily wounded.
The centaur hits you!
Arammadara hits the centaur.
The centaur skeleton hits you!
You tentacle-slap the centaur skeleton. You squeeze the centaur skeleton!
The centaur skeleton is heavily damaged.
The centaur hits you.
* * * LOW HITPOINT WARNING * * *
The centaur skeleton completely misses you.
Arammadara hits the centaur.
The centaur dies!
Your Unarmed Combat skill increases to level 4!
You tentacle-slap the centaur skeleton.
You pierce the centaur skeleton.
The centaur skeleton is heavily damaged.
The centaur skeleton hits you!
You die...

### ##.### #....### ###
#.<..#.##... ..####
#.......... ..#..#
##......... .....## #
#.......#### ......# #.
#.......##.###......#
...#........#..R@..#
...........##..#)Z......
..............#........#
.............###.......#
.............# ........#
(...........## .........
.............. .##......
...............# #.....
................


You could see the friendly Arammadara the ancestor and a centaur skeleton.

Vanquished Creatures
  A hound (D:2)
  An orc priest (D:4)
  Natasha (thrice) (D:2)
  An orc wizard (D:4)
  5 adders
  An ooze (D:1)
  2 dart slugs
  2 leopard geckos
  An orc (D:4)
  5 giant cockroaches
  8 goblins
  7 hobgoblins
  5 jackals
  A quokka (D:4)
  3 ball pythons
  3 bats
  6 frilled lizards
  5 kobolds
  A quokka skeleton (D:4)
  8 rats
69 creatures vanquished.

Vanquished Creatures (collateral kills)
  A centaur (D:5)
  A bullfrog zombie (D:5)
2 creatures vanquished.

Grand Total: 71 creatures vanquished

Notes
Turn   | Place    | Note
-------+----------+-------------------------------------------
     0 | D:1      | voltaire321 the Octopode Transmuter began the quest for the
                  | Orb.
     0 | D:1      | Reached XP level 1. HP: 13/13 MP: 3/3
   360 | D:1      | Reached XP level 2. HP: 4/18 MP: 3/5
   585 | D:1      | Learned a level 2 spell: Wereblood
  1232 | D:1      | Reached XP level 3. HP: 20/23 MP: 4/6
  1239 | D:1      | Learned a level 3 spell: Spider Form
  2097 | D:2      | Reached XP level 4. HP: 29/29 MP: 7/7
  2181 | D:2      | Reached skill level 1 in Poison Magic
  2189 | D:2      | Noticed Natasha
  2349 | D:2      | Killed Natasha
  2350 | D:2      | Reached XP level 5. HP: 34/34 MP: 6/8
  2383 | D:2      | Noticed Natasha
  2424 | D:2      | Killed Natasha
  2432 | D:2      | Noticed Natasha
  2442 | D:2      | Killed Natasha
  3521 | D:4      | Reached XP level 6. HP: 41/41 MP: 8/10
  3850 | D:4      | Found a staircase to the Ecumenical Temple.
  3859 | Temple   | Entered the Ecumenical Temple
  3941 | Temple   | Became a worshipper of Hepliaklqana the Forgotten
  4584 | D:5      | Entered Level 5 of the Dungeon
  4610 | D:5      | Reached skill level 1 in Shields
  4645 | D:5      | Reached skill level 4 in Unarmed Combat
  4645 | D:5      | Slain by a centaur skeleton

Illustrated notes

Levels and vault maps discovered:
D:1:      elethiomel_arrival_infinity_welcomes_careful_drivers, layout_rooms,
          chequers_serial_rivers_small_3
D:2:      layout_basic, uniq_natasha
D:3:      layout_basic
D:4:      layout_basic, minmay_temple_entry_gardened_gates
D:5:      layout_cave_pools, serial_shops, shop, kb_lookout_dungeons_type
Temple:   compressed_dpeg_triangle_lava_temple

Skill      XL: |  1  2  3  4  5  6 |
---------------+-------------------+-----
Poison Magic   | 1 2 |  2.4
Fighting       | 2 |  2.7
Transmutations | 3 |  3.3
Dodging        | 3 |  3.2
Spellcasting   | 3 |  3.1
Shields        | 1 |  1.2
Unarmed Combat | 4 |  4.0

Action                   |  1- 3 |  4- 6 || total
-------------------------+-------+-------++-------
Melee: Unarmed           |    67 |    88 ||   155
       Constrict         |    20 |    27 ||    47
       Kick              |    22 |    26 ||    48
       Punch             |     2 |     1 ||     3
       Tentacles         |     8 |    15 ||    23
 Cast: Beastly Appendage |    22 |    24 ||    46
  Use: Scroll            |       |    10 ||    10
 Stab: Sleeping          |     1 |     4 ||     5
Armor: Skin              |     6 |     9 ||    15
Dodge: Dodged            |    37 |    69 ||   106

Table legend: (Time is in decaauts)
 A = Elapsed time spent in this place.
 B = Non-inter-level travel time spent in this place.
 C = Inter-level travel time spent in this place.
 D = Time resting spent in this place.
 E = Time spent auto-exploring this place.
 F = Levels seen in this place.
 G = Mean time per level.
                   A        B        C        D        E       F      G
               +--------+--------+--------+--------+--------+-----+--------+
         Total |   4627 |   4481 |    146 |   1344 |   2151 |   6 |  771.2 |
       Dungeon |   4528 |   4382 |    146 |   1344 |   2151 |   5 |  905.6 |
        Temple |     98 |     98 |      0 |      0 |      0 |   1 |   98.0 |
               +--------+--------+--------+--------+--------+-----+--------+

Top non-repeatable levels by time:
     D:1: 1450 daAuts
     D:2: 1286 daAuts
     D:4: 1059 daAuts
     D:3: 672 daAuts
  Temple: 98 daAuts
     D:5: 58 daAuts
